 Dungeon Crawl Stone Soup version 0.18.1-48-g4cf74bf (webtiles) character file.

80164 Alarkh the Fencer (level 15, -3/116 HPs)
             Began as a Mummy Skald on Sept 12, 2016.
             Was a High Priest of Okawaru.
             Slain by a sixfirhy (10 damage)
             ... on level 2 of the Abyss.
             The game lasted 01:12:02 (31625 turns).

Alarkh the Fencer (Mummy Skald)                    Turns: 31625, Time: 01:12:03

Health: -3/116     AC:  9    Str: 16      XL:     15   Next: 23%
Magic:  22/24      EV: 20    Int: 22 (24) God:    Okawaru [*****.]
Gold:   527        SH:  9    Dex: 16      Spells: 8 memorised, 7 levels left

rFire  . . .     SeeInvis .     a - +2 scimitar (flame)
rCold  + . .     Gourm    .     j - +1 troll leather armour
rNeg   + + +     Faith    .     c - +0 shield
rPois  ∞         Spirit   .     x - -1 hat of Free Expression {rElec rPois MR- Regen+}
rElec  +         Dismiss  .     D - +0 cloak "Tiret" {rF+ Int+2}
rCorr  .         Reflect  .     g - +0 pair of gloves {Dex+3}
SustAt .         Harm     .     n - +0 pair of boots
MR     .....                    t - amulet "Kauget" {Regen+ Int+6}
Stlth  +.........               G - +3 ring of evasion
                                l - +2 ring of evasion

@: very slightly contaminated, studying Long Blades, not resistant to hostile
enchantments, very unstealthy
A: no food or potions, fire vulnerability, cold resistance 1, negative energy
resistance 3, torment resistance, unbreathing, in touch with death 1, restore
body
a: Self-Restoration, Heroism, Finesse, Renounce Religion


You were on level 2 of the Abyss.
You worshipped Okawaru.
Okawaru was extremely pleased with you.
You were not hungry.

You visited 4 branches of the dungeon, and saw 25 of its levels.
You visited the Abyss 1 time.
You also visited: Ice Cave.

You collected 2631 gold pieces.
You spent 2104 gold pieces at shops.

Inventory:

Hand Weapons
 a - a +2 scimitar of flaming (weapon)
 b - a +3 scimitar of protection
Missiles
 r - 6 throwing nets (quivered)
Armour
 c - a +0 shield (worn)
 d - a +2 helmet
 g - a +0 pair of gloves of dexterity (worn)
 j - a +1 troll leather armour (worn)
 n - a +0 pair of boots (worn)
 x - the -1 hat of Free Expression (worn) {rElec rPois MR- Regen+}
   (You found it on level 11 of the Dungeon)

   It insulates you from electricity.
   It protects you from poison.
   It affects your resistance to hostile enchantments.
   It increases your rate of regeneration.
 B - the +0 hat "Fisoekev" {rElec}
   (You found it on level 11 of the Dungeon)

   It insulates you from electricity.
 D - the +0 cloak "Tiret" (worn) {rF+ Int+2}
   (You found it on level 8 of the Lair of Beasts)

   It affects your intelligence (+2).
   It protects you from fire.
Magical Staves
 P - an uncursed staff of energy
Jewellery
 l - a +2 ring of evasion (left hand)
 q - an uncursed ring of protection from magic
 t - the amulet "Kauget" (around neck) {Regen+ Int+6}
   (You found it on level 13 of the Dungeon)

   [amulet of regeneration]

   It affects your intelligence (+6).
   It increases your rate of regeneration.
 v - an uncursed ring of resist corrosion
 F - an uncursed ring of protection from cold
 G - a +3 ring of evasion (right hand)
Wands
 m - a wand of iceblast (5/15)
 s - a wand of digging (12/24)
 w - a wand of lightning (12/15)
 H - a wand of paralysis (12/24)
 U - a wand of paralysis (11/24)
Scrolls
 e - 7 scrolls of identify
 f - a scroll of holy word
 h - 4 scrolls of magic mapping
 i - 5 scrolls of fog
 k - 4 scrolls of remove curse
 z - 3 scrolls of recharging
 L - a scroll of fear
Books
 o - a manual of Long Blades
Miscellaneous
 S - a plain deck of escape {Swap}


   Skills:
 + Level 10.3 Fighting
 * Level 16.0 Long Blades
 + Level 8.7 Armour
 + Level 8.9 Dodging
 + Level 4.0 Shields
 - Level 6.6 Spellcasting
 - Level 6.6 Charms


You had 7 spell levels left.
You knew the following spells:

 Your Spells              Type           Power        Failure   Level  Hunger
a - Spectral Weapon       Hex/Chrm       ###.....     38%         3    N/A
b - Shroud of Golubria    Chrm/Tloc      ###.......   21%         2    N/A
c - Infusion              Chrm           ####         2%          1    N/A
d - Repel Missiles        Chrm/Air       ###...       21%         2    N/A
e - Dispel Undead         Necr           ##......     100%        5    N/A
f - Summon Butterflies    Summ           #.......     43%         1    N/A
g - Apportation           Tloc           #.........   43%         1    N/A
r - Bolt of Draining      Conj/Necr      ##........   100%        5    N/A

Dungeon Overview and Level Annotations

Branches:
Dungeon (14/15)            Temple (1/1) D:6            Lair (8/8) D:9
  Swamp (0/4) Lair:5       Spider (0/4) Lair:6        Slime (0/6) Lair:7
    Orc (2/2) D:10            Elf (0/3) Orc:2        Vaults (0/5) D:13

Altars:
Ashenzari
Cheibriados
Dithmenos
Elyvilon
Fedhas
Gozag
Kikubaaqudgha
Makhleb
Nemelex Xobeh
Okawaru
Pakellas
Qazlal
Ru
Sif Muna
Trog
Vehumet
Xom
Yredelemnul
Zin
The Shining One
Beogh

Shops:
Orc:2 =%:*%:(*!

Annotations:
D:14 Louise
Lair:7 exclusion: 2 oklob plants


Innate Abilities, Weirdness & Mutations

You do not eat or drink.
Your flesh is vulnerable to fire.
You are immune to poison.
Your flesh is cold resistant.
You are immune to negative energy.
You are immune to unholy pain and torment.
You can survive without breathing.
You are in touch with the powers of death.
You can restore your body by infusing magical energy.


Message History

You closely miss the sixfirhy.
The sixfirhy is heavily wounded.
Your spectral weapon completely misses the sixfirhy.
A starcursed mass splits.
The orange demon stings you but does no damage.
Read which item? (? for menu, Esc to quit)
Okay, then.
You closely miss the sixfirhy.
The sixfirhy is heavily wounded.
Your spectral weapon hits the sixfirhy!
Your spectral weapon burns the sixfirhy.
You miss the sixfirhy.
The sixfirhy is almost dead.
Your spectral weapon fades away.
A starcursed mass splits.
You block the orange demon's attack.
You hit the sixfirhy. You burn the sixfirhy.
The sixfirhy is almost dead.
The sixfirhy misses you. The sixfirhy completely misses you.
The sixfirhy hits you!
You die...

.. #. .##. .
... .## # ##
#..##..
#.##.#.#.#...
...4.......
.. #.....# ..
#@..# # ##4##
..# #.XX## ..
.. ..X.X#
..... X ....#
# . ##
.X#.### # .#
# #.X ## .
#.#. # ....
#.## # ...#.
#


You could see 4 starcursed masses, an orange demon and a sixfirhy.

Vanquished Creatures
  A lich (Abyss:2)
  Rupert (D:12)
  A tentacled starspawn (Abyss:2)
  Maud (D:11)
  2 dire elephants (Lair:8)
  4 hydras
  Fannar (Orc:1)
  Harold (Orc:1)
  An ogre mage (D:13)
  The ghost of loralnil the Grappler, a journeyman VSMo of Makhleb (D:12)
  An anaconda (Lair:8)
  8 death yaks
  3 tengu warriors
  4 orc high priests (Orc:2)
  A deep elf knight (D:13)
  4 skeletal warriors
  A wretched star (Abyss:2)
  A shadow wraith (Abyss:2)
  A hill giant (D:11)
  An orc knight (Orc:1)
  4 deep elf magi
  2 griffons
  3 orc sorcerers
  A manticore (D:11)
  6 ugly things
  A cyclops (D:14)
  A centaur zombie (D:14)
  7 elephants
  2 ice statues (IceCv)
  4 black mambas
  4 centaur skeletons
  2 rime drakes
  8 spiny frogs
  The ghost of luca467 the Skirmisher, a novice OpFi (D:5)
  2 torpor snails
  A kobold demonologist (D:13)
  An efreet (D:14)
  10 komodo dragons
  2 yaktaurs (D:13)
  8 trolls
  2 tengu conjurers (D:13)
  A polar bear (Lair:4)
  A queen bee (D:11)
  2 two-headed ogres (D:13)
  20 blink frogs
  3 slime creatures (D:13)
  A water elemental (D:11)
  A shadow (D:13)
  2 wyverns
  36 yaks
  13 hippogriffs
  4 basilisks
  A hungry ghost (D:7)
  A mottled dragon (D:6)
  2 wargs
  A soldier ant (D:13)
  10 water moccasins
  A swamp drake (Lair:5)
  16 orc warriors
  8 porcupines
  A black bear (D:13)
  3 necrophages
  2 phantoms
  3 sky beasts
  6 centaurs
  10 ogres
  20 ice beasts
  The ghost of Scuka the Changer, an amateur MfTm (D:3)
  7 wolves
  12 crocodiles
  3 big kobolds (D:13)
  15 giant frogs
  A gnoll sergeant (D:9)
  5 scorpions
  A water moccasin skeleton (D:11)
  20 killer bees
  6 wights
  6 vampire bats
  6 howler monkeys
  6 electric eels
  2 crimson imps
  2 giant frog zombies
  A lava snake (Lair:4)
  A starcursed mass (Abyss:2)
  7 hounds
  29 orc priests
  21 orc wizards
  5 jellies
  A gnoll shaman (D:9)
  4 giant frog skeletons
  6 iguanas
  8 worker ants
  6 hell rats
  12 sheep
  A hound zombie (D:9)
  2 hound skeletons
  A howler monkey zombie (D:9)
  17 gnolls
  93 river rats
  11 adders
  4 shadow imps
  An ooze (D:2)
  An adder skeleton (D:9)
  6 worms
  4 dart slugs
  5 giant geckos
  56 orcs
  2 ball pythons
  2 bat skeletons (D:4)
  3 bat zombies (D:4)
  7 giant cockroaches
  9 goblins
  5 hobgoblins (D:2)
  A jackal (D:2)
  7 quokkas
  A ball python skeleton (D:4)
  14 bats
  3 giant newts
  A jackal skeleton (D:4)
  13 kobolds
  A quokka skeleton (D:6)
  11 rats
  4 plants (Lair:8)
  4 starspawn tentacles (Abyss:2)
764 creatures vanquished.

Vanquished Creatures (others)
  A crocodile (D:9)
  A giant frog (D:14)
  A white imp (D:11)
  2 orcs (D:11)
  A quokka zombie (D:9)
  A bush (D:9)
  26 fungi
  22 plants
  62 spectral weapons
  4 starspawn tentacles (Abyss:2)
  182 starspawn tentacle segments (Abyss:2)
303 creatures vanquished.

Grand Total: 1067 creatures vanquished

Notes
Turn   | Place    | Note
--------------------------------------------------------------
     0 | D:1      | Alarkh the Mummy Skald began the quest for the Orb.
     0 | D:1      | Reached XP level 1. HP: 16/16 MP: 3/3
   102 | D:1      | Reached skill level 2 in Long Blades
   106 | D:1      | Reached XP level 2. HP: 14/22 MP: 3/5
   608 | D:1      | Reached skill level 3 in Long Blades
   608 | D:1      | Reached XP level 3. HP: 26/27 MP: 2/6
   668 | D:1      | You fall through a shaft!
   883 | D:2      | Found a faded altar to an unknown god.
   907 | D:2      | Became a worshipper of Vehumet
   907 | D:2      | Reached * piety under Vehumet
   907 | D:2      | Offered knowledge of Sting by Vehumet.
   907 | D:2      | Fell from the grace of Vehumet
  1835 | D:2      | Reached XP level 4. HP: 25/33 MP: 7/7
  1856 | D:2      | Learned a level 2 spell: Shroud of Golubria
  1860 | D:2      | Learned a level 3 spell: Spectral Weapon
  2173 | D:2      | Reached skill level 4 in Long Blades
  2585 | D:3      | Reached XP level 5. HP: 31/38 MP: 4/8
  2981 | D:3      | Reached skill level 5 in Long Blades
  3357 | D:3      | Noticed Scuka's ghost (amateur MfTm)
  3572 | D:4      | Reached XP level 6. HP: 36/44 MP: 7/9
  3897 | D:5      | Entered Level 5 of the Dungeon
  4014 | D:5      | Reached skill level 6 in Long Blades
  4226 | D:5      | Noticed luca467's ghost (novice OpFi)
  4400 | D:6      | Found a staircase to the Ecumenical Temple.
  4406 | D:6      | Reached XP level 7. HP: 49/50 MP: 10/10
  4421 | Temple   | Entered the Ecumenical Temple
  4587 | D:6      | Found a snail-covered altar of Cheibriados.
  5256 | D:5      | Reached skill level 7 in Long Blades
  5536 | D:5      | Killed luca467's ghost
  5536 | D:5      | Reached XP level 8. HP: 25/56 MP: 1/11
  5968 | D:4      | Reached skill level 8 in Long Blades
  6426 | D:4      | Found an ancient bone altar of Kikubaaqudgha.
  6581 | D:3      | Was forgiven by Vehumet
  6719 | D:3      | Killed Scuka's ghost
  6719 | D:3      | Reached skill level 9 in Long Blades
  6948 | D:6      | Reached skill level 10 in Long Blades
  7011 | D:6      | Reached XP level 9. HP: 55/61 MP: 12/12
  7029 | D:6      | Reached skill level 1 in Armour
  7029 | D:6      | Reached skill level 1 in Dodging
  8086 | D:8      | Found a white marble altar of Elyvilon.
  8144 | D:8      | Found a burning altar of Makhleb.
  8145 | D:8      | Found a radiant altar of Vehumet.
  8146 | D:8      | Found a basalt altar of Yredelemnul.
  8149 | D:8      | Found an iron altar of Okawaru.
  8153 | D:8      | Became a worshipper of Warmaster Okawaru
  8431 | D:9      | Found a stormy altar of Qazlal.
  8618 | D:9      | Reached XP level 10. HP: 47/71 MP: 6/15
  8904 | D:9      | Reached * piety under Okawaru
  8918 | D:9      | Found a staircase to the Lair.
  9513 | D:9      | Found a sacrificial altar of Ru.
  9866 | D:9      | Found a glowing silver altar of Zin.
  9867 | D:9      | Found an opulent altar of Gozag.
  9990 | D:10     | Entered Level 10 of the Dungeon
 10277 | D:10     | Reached ** piety under Okawaru
 10530 | D:10     | Found a staircase to the Orcish Mines.
 10550 | D:10     | Found a roughly hewn altar of Beogh.
 10563 | D:10     | Reached skill level 11 in Long Blades
 10867 | D:11     | Noticed a manticore
 11079 | D:10     | Reached *** piety under Okawaru
 11345 | D:11     | Reached skill level 5 in Fighting
 11496 | D:11     | Noticed a hill giant
 11503 | D:11     | Noticed a green ugly thing
 11521 | D:11     | Killed a hill giant
 11522 | D:11     | Reached XP level 11. HP: 40/80 MP: 4/17
 11881 | D:11     | Noticed a deep elf mage
 12254 | Lair:1   | Entered Level 1 of the Lair of Beasts
 12282 | Lair:1   | Reached **** piety under Okawaru
 12944 | Lair:1   | Noticed a five-headed hydra
 13027 | Lair:2   | Found a frozen archway.
 13037 | Lair:2   | Reached skill level 5 in Charms
 13072 | Lair:2   | Reached skill level 5 in Spellcasting
 13259 | IceCv    | Entered an ice cave
 13286 | IceCv    | Reached ***** piety under Okawaru
 13398 | IceCv    | HP: 3/81 [ice statue/shard of ice (18)]
 14532 | Lair:2   | Killed a five-headed hydra
 14637 | Lair:2   | Received a gift from Okawaru
 14686 | Lair:2   | Reached skill level 12 in Long Blades
 14757 | Lair:2   | Reached skill level 5 in Armour
 15465 | Lair:3   | Reached XP level 12. HP: 76/89 MP: 17/20
 15474 | Lair:3   | Reached skill level 5 in Dodging
 15708 | Lair:3   | Learned a level 2 spell: Repel Missiles
 15715 | Lair:3   | Learned a level 5 spell: Dispel Undead
 15721 | Lair:3   | Learned a level 5 spell: Bolt of Draining
 17058 | Lair:4   | Received a gift from Okawaru
 17059 | Lair:4   | Got a faintly glowing rapier {god gift}
 17060 | Lair:4   | Identified the +11 rapier of the Valley {pierce, Int+6} (Okawaru gifted it to you on level 4 of the Lair of Beasts)
 17743 | Lair:5   | Found a staircase to the Swamp.
 18097 | Lair:5   | Noticed a six-headed hydra
 18106 | Lair:5   | Killed a six-headed hydra
 19572 | Lair:6   | Noticed a death yak
 19573 | Lair:6   | Noticed a death yak
 19585 | Lair:6   | Noticed a death yak
 19587 | Lair:6   | Noticed a death yak
 19946 | Lair:4   | Received a gift from Okawaru
 19949 | Lair:4   | Got an amber-encrusted crystal plate armour {god gift}
 19960 | Lair:4   | Identified the +10 crystal plate armour "Yhott" {*Drain rCorr Dex+4} (Okawaru gifted it to you on level 4 of the Lair of Beasts)
 20034 | Lair:5   | Killed a death yak
 20114 | Lair:6   | Found a hole to the Spider Nest.
 20201 | Lair:6   | Gained mutation: You are in touch with the powers of death. [Mummy growth]
 20201 | Lair:6   | Gained mutation: You can restore your body by infusing magical energy. [Mummy growth]
 20201 | Lair:6   | Reached XP level 13. HP: 91/96 MP: 22/22
 21395 | Lair:7   | Reached skill level 13 in Long Blades
 21936 | Lair:1   | Learned a level 1 spell: Summon Butterflies
 21938 | Lair:1   | Learned a level 1 spell: Apportation
 22012 | Orc:1    | Entered Level 1 of the Orcish Mines
 22030 | Orc:1    | Noticed Fannar
 22047 | Orc:1    | Killed Fannar
 22236 | Orc:1    | Noticed Harold
 22247 | Orc:1    | Killed Harold
 22993 | Orc:2    | Entered Level 2 of the Orcish Mines
 23049 | Orc:2    | Found Hioptukya's Distillery.
 23136 | Orc:2    | Found Jaizoimp's Weapon Emporium.
 23168 | Orc:2    | Found Cehuqeul's Book Shop.
 23280 | Orc:2    | Found Ycvucvif's Jewellery Shoppe.
 23479 | Orc:2    | Reached ****** piety under Okawaru
 23809 | Orc:2    | Found Koleamaco's General Store.
 23854 | Orc:2    | Found a staircase to the Elven Halls.
 24426 | Orc:2    | Found Ehik Hyv's Assorted Antiques.
 24426 | Orc:2    | Found Tiredgh's Food Emporium.
 24427 | Orc:2    | Found Qimnaem's Book Emporium.
 24430 | Orc:2    | Found Kagrouxi's Food Shoppe.
 24505 | Orc:2    | Bought a manual of Long Blades for 1766 gold pieces
 24507 | Orc:2    | Bought a scroll of identify for 52 gold pieces
 24507 | Orc:2    | Bought a crooked ivory wand for 104 gold pieces
 24507 | Orc:2    | Bought a lumpy pearl amulet for 130 gold pieces
 24507 | Orc:2    | Bought a scroll of identify for 52 gold pieces
 24841 | D:11     | Noticed Maud
 25014 | D:11     | Killed Maud
 25014 | D:11     | Received a gift from Okawaru
 25533 | D:10     | Reached skill level 1 in Shields
 25655 | D:10     | Reached XP level 14. HP: 45/106 MP: 17/23
 25814 | D:11     | Reached skill level 14 in Long Blades
 26120 | D:11     | Got a shimmering hat
 26123 | D:11     | Got a slimy hat
 26141 | D:11     | Identified the cursed -1 hat of Free Expression {rElec rPois MR- Regen+} (You found it on level 11 of the Dungeon)
 26152 | D:11     | Identified the cursed +0 hat "Fisoekev" {rElec} (You found it on level 11 of the Dungeon)
 26239 | D:12     | Noticed loralnil's ghost (journeyman VSMo)
 26267 | D:12     | Killed loralnil's ghost
 26716 | D:12     | Noticed Rupert
 27272 | D:13     | Got a brightly glowing diamond amulet
 27299 | D:13     | Identified the amulet "Kauget" {Regen+ Int+6} (You found it on level 13 of the Dungeon)
 27914 | D:13     | Found a gate to the Vaults.
 28170 | D:14     | Noticed Louise
 28777 | Lair:6   | Reached skill level 15 in Long Blades
 29120 | Lair:7   | Found a staircase to the Slime Pits.
 29199 | Lair:7   | Received a gift from Okawaru
 29441 | Lair:8   | Entered Level 8 of the Lair of Beasts
 29524 | Lair:8   | Got a faintly glowing morningstar
 29526 | Lair:8   | Identified the +3 morningstar of the Toadstool {freeze, +Blink rElec SInv} (You found it on level 8 of the Lair of Beasts)
 30829 | Lair:8   | Reached skill level 10 in Fighting
 30836 | Lair:8   | Got a brightly glowing cloak
 30844 | Lair:8   | Identified the +0 cloak "Tiret" {rF+ Int+2} (You found it on level 8 of the Lair of Beasts)
 31257 | D:12     | Killed Rupert
 31257 | D:12     | Reached XP level 15. HP: 81/115 MP: 8/24
 31473 | D:14     | Cast into level 2 of the Abyss (Louise)
 31578 | Abyss:2  | Noticed a tentacled starspawn
 31578 | Abyss:2  | Noticed a lich
 31610 | Abyss:2  | Killed a lich
 31619 | Abyss:2  | Killed a tentacled starspawn
 31619 | Abyss:2  | Reached skill level 16 in Long Blades
 31621 | Abyss:2  | HP: 2/116 [starcursed mass/accursed screaming (8)]
 31625 | Abyss:2  | Slain by a sixfirhy

Skill      XL: |  1  2  3  4  5  6  7  8  9 10 11 12 13 14 15 |
---------------+----------------------------------------------+-----
Long Blades    | 2 3 4 5 6 7 10 11 12 13 15 16 | 16.0
Armour         | 2 3 5 6 7 8 |  8.7
Dodging        | 2 3 4 6 7 8 |  8.9
Charms         | 3 4 5 6 |  6.6
Fighting       | 3 5 6 7 8 10 | 10.3
Spellcasting   | 3 4 5 6 |  6.6
Shields        | 1 3 4 |  4.0

Action                   |  1- 3 |  4- 6 |  7- 9 | 10-12 | 13-15 || total
-------------------------+-------+-------+-------+-------+-------++-------
Melee: Falchion          |   123 |       |     9 |       |       ||   132
       Short sword       |     8 |   181 |    58 |       |       ||   247
       Long sword        |       |       |   252 |    81 |       ||   333
       Scimitar          |       |       |       |   801 |  1464 ||  2265
       Rapier            |       |       |       |    16 |    56 ||    72
       Punch             |       |       |       |     1 |     2 ||     3
       Demon whip        |       |       |       |       |    36 ||    36
 Cast: Infusion          |    26 |    11 |    15 |     9 |     7 ||    68
       Spectral Weapon   |       |       |    21 |   112 |   147 ||   280
       Shroud of Golubri |       |       |     4 |     6 |    13 ||    23
       Repel Missiles    |       |       |       |     2 |     3 ||     5
Invok: Renounce Religion |     1 |       |       |       |       ||     1
       Heroism           |       |       |       |     3 |    17 ||    20
       Finesse           |       |       |       |       |     3 ||     3
Evoke: Wand              |       |       |       |     8 |     3 ||    11
  Use: Scroll            |       |     3 |     6 |    19 |    24 ||    52
 Stab: Distracted        |       |       |     1 |     7 |    18 ||    26
       Paralysed         |       |       |       |     7 |       ||     7
       Sleeping          |       |       |       |     2 |       ||     2
Armor: Leather armour    |    37 |    45 |    90 |   207 |     6 ||   385
       Crystal plate arm |       |       |       |    43 |   328 ||   371
       Troll leather arm |       |       |       |       |   188 ||   188
       Robe              |       |       |       |       |     9 ||     9
Dodge: Dodged            |    84 |   154 |   223 |   786 |   970 ||  2217
       Deflected         |       |       |       |     3 |    12 ||    15
Block: Shield            |       |       |       |       |    36 ||    36
